 Dungeon Crawl Stone Soup version 0.30-a0-125-g51eefa89be (webtiles) character file.

Game seed: 10277507547839134753

277684 Flugkiller the Black Belt (level 21, -11/236 HPs)
             Began as a Meteoran Ice Elementalist on Sept 18, 2022.
             Was a High Priest of Uskayaw.
             Mangled by a yellow draconian
             ... wielding a +4 vampiric battleaxe
              (19 damage)
             ... on level 1 of the Realm of Zot.
             The game lasted 01:29:43 (10600 turns).

Flugkiller the Black Belt (MeIE)                   Turns: 10600, Time: 01:29:44

Health: -11/236    AC: 30    Str: 19    XL:     21   Next: 63%
Magic:  12/48      EV: 21    Int: 31    God:    Uskayaw [*****.]
Gold:   1883       SH:  8    Dex: 18    Spells: 14/44 levels left

rFire   + + .      SeeInvis +      - Unarmed
rCold   . . .      Faith    .    v - +1 buckler of Sukhliet {Slay+3}
rNeg    + . .      Spirit   .    (body armour currently unavailable)
rPois   ∞          Reflect  .    L - +3 hat of Pondering {ponderous, Will+ MP+10 Int+5}
rElec   +          Harm     .    J - +2 cloak {rCorr}
rCorr   +          Rampage  .    (gloves currently unavailable)
Will    +++..                    (boots currently unavailable)
Stlth   +.........               P - amulet of regeneration
HPRegen 1.29/turn                F - +6 ring of intelligence
MPRegen 0.31/turn                T - ring of the Priest {rF+ Str+3 Slay+5}

@: statue-form, corroded, contaminated, slowed, glowing, studying Staves, very
slow
A: slow and powerful, torment resistance 1, boosted hp, sense surroundings 3,
otherworldly, glowing, explore regen, talons 1, (iridescent scales 1), see
invisible, fire resistance 1, wild magic 1, inability to drink after injury 1
}: 3/15 runes: decaying, serpentine, slimy
a: End Transformation, Renounce Religion, Stomp, Line Pass, Grand Finale


You were on level 1 of the Realm of Zot.
You worshipped Uskayaw.
Uskayaw was pleased with you.
You were a living statue of rough stone.
You visited 10 branches of the dungeon, and saw 44 of its levels.
You also visited: Ice Cave.

You collected 3827 gold pieces.
You spent 1944 gold pieces at shops.

Inventory:

Missiles
 S - a throwing net
Armour
 i - a +2 pair of gloves (melded)
   (You found it on level 4 of the Dungeon)
 p - a +2 robe of the Archmagi (melded)
   (You took it off a deep elf sorcerer on level 3 of the Elven Halls)
 v - the +1 buckler of Sukhliet (worn) {Slay+3}
   (You acquired it on level 2 of the Lair of Beasts)

   Slay:      It affects your accuracy & damage with ranged weapons and melee
   (+3).
 y - a +0 pair of boots (melded)
   (You found it on level 7 of the Dungeon)
 J - a +2 cloak of preservation (worn)
   (You took it off Maurice on level 10 of the Dungeon)
 L - the +3 hat of Pondering (worn) {ponderous, Will+ MP+10 Int+5}
   (You took it off Gastronok on level 10 of the Dungeon)

   Int:       It affects your intelligence (+5).
   MP:        It affects your magic capacity (+10).
   Will:      It increases your willpower.
Magical Staves
 C - a staff of earth
   (You found it on level 7 of the Dungeon)
Jewellery
 F - a +6 ring of intelligence (left fist)
   (You found it on level 8 of the Dungeon)
 I - the dreamshard necklace {*Dream Drain}
   (You found it on level 3 of the Elven Halls)

   [amulet of nothing]

   It shatters if its wearer takes lethal or near-lethal damage, preventing the
   blow and releasing protective dreams that heal and fight for the wearer.
   Drain:     It drains your maximum health when unequipped.
 M - the ring of Music {rPois rF++ Will+ Str-5}
   (You took it off a deep elf master archer on level 3 of the Elven Halls)

   [ring of willpower]

   Str:       It affects your strength (-5).
   rF:        It greatly protects you from fire.
   rPois:     It protects you from poison.
   Will:      It increases your willpower.
 P - an amulet of regeneration (around neck)
   (You bought it in a shop on level 3 of the Elven Halls)
 R - a ring of wizardry
   (You found it on level 3 of the Lair of Beasts)
 T - the ring of the Priest (right fist) {rF+ Str+3 Slay+5}
   (You found it on level 3 of the Elven Halls)

   [ring of protection from fire]

   Str:       It affects your strength (+3).
   Slay:      It affects your accuracy & damage with ranged weapons and melee
   (+5).
   rF:        It protects you from fire.
 V - a ring of magical power
   (You found it on level 9 of the Dungeon)
Wands
 a - a wand of iceblast (22)
   (You found it on level 10 of the Dungeon)
 g - a wand of acid (8)
   (You found it on level 3 of the Elven Halls)
 G - a wand of paralysis (37)
   (You found it on level 9 of the Dungeon)
 N - a wand of mindburst (17)
   (You found it on level 3 of the Elven Halls)
Scrolls
 c - 2 scrolls of torment
 f - 2 scrolls of fear
 k - a scroll of magic mapping
 m - a scroll of silence
 r - a scroll of identify
 s - 2 scrolls of fog
 t - 10 scrolls of teleportation
 u - 2 scrolls of poison
 z - 2 scrolls of blinking
 D - 3 scrolls of vulnerability
 O - 2 scrolls of immolation
 Q - 2 scrolls of summoning
 Y - 2 scrolls of enchant armour
 Z - 2 scrolls of amnesia
Potions
 b - 3 potions of magic
 d - 7 potions of might
 e - 2 potions of berserk rage
 h - 5 potions of haste
 j - 7 potions of ambrosia
 l - 4 potions of cancellation
 n - 3 potions of resistance
 q - 11 potions of curing
 w - 11 potions of heal wounds
 A - 8 potions of attraction
 B - 9 potions of mutation
 H - 6 potions of brilliance
 K - a potion of lignification
 X - 5 potions of flight
Miscellaneous
 x - a box of beasts
   (You found it on level 5 of the Pits of Slime)
 E - a tin of tremorstones (2/2)
   (You found it on level 3 of the Elven Halls)
 U - a phial of floods
   (You found it on level 3 of the Elven Halls)
 W - a condenser vane
   (You found it in an ice cave)


   Skills:
 + Level 14.3 Fighting
 - Level 14.0 Dodging
 - Level 1.4 Stealth
 - Level 12.0 Shields
 - Level 19.6 Unarmed Combat
 - Level 12.0 Spellcasting
 - Level 7.3 Conjurations
 - Level 3.0 Translocations
 - Level 8.8 Transmutations
 - Level 16.0 Ice Magic
 + Level 10.6 Earth Magic
 - Level 15.0 Invocations
 - Level 8.0 Evocations


You had 14 spell levels left.
You knew the following spells:

 Your Spells              Type           Power      Damage    Failure   Level
a - Freeze                Ice            100%       1d11      1%          1
b - Frozen Ramparts       Ice            100%       1d16      1%          3
c - Lee's Rapid Deconstr  Erth           41%        3d21*     2%          5
d - Statue Form           Tmut/Erth      53%        N/A       13%         6
e - Ozocubu's Refrigerat  Ice            50%        4d18      6%          7
f - Passwall              Tmut/Erth      66%        N/A       1%          2
i - Irradiate             Conj/Tmut      36%        3d23      5%          5
q - Apportation           Tloc           96%        N/A       1%          1

Your spell library contained the following spells:

 Spells                   Type           Power      Damage    Failure   Level
 Magic Dart               Conj           100%       1d8       1%          1
 Sandblast                Erth           100%       2d20      1%          1
 Sting                    Tmut/Pois      100%       1d8       1%          1
 Ozocubu's Armour         Ice            100%       N/A       1%          3
 Stone Arrow              Conj/Erth      100%       3d13      1%          3
 Hailstorm                Conj/Ice       87%        3d17      1%          4
 Petrify                  Tmut/Erth      80%        N/A       1%          4
 Blink                    Tloc           96%        N/A       2%          2
 Static Discharge         Conj/Air       100%       2-7/arc   2%          2
 Ignite Poison            Fire/Tmut/Pois 47%        N/A       4%          3
 Lesser Beckoning         Tloc           48%        N/A       4%          3
 Slow                     Hex            96%        N/A       5%          1
 Summon Small Mammal      Summ           96%        N/A       5%          1
 Mephitic Cloud           Conj/Pois/Air  43%        N/A       6%          3
 Leda's Liquefaction      Hex/Erth       30%        N/A       6%          4
 Call Imp                 Summ           24%        N/A       8%          2
 Poisonous Vapours        Pois/Air       48%        N/A       8%          2
 Sublimation of Blood     Necr           24%        N/A       8%          2
 Portal Projectile        Hex/Tloc       72%        N/A       8%          3
 Sticky Flame             Conj/Fire      52%        2d7       11%         4
 Manifold Assault         Tloc           48%        N/A       13%         4
 Call Canine Familiar     Summ           24%        N/A       14%         3
 Confusing Touch          Hex            24%        N/A       14%         3
 Inner Flame              Hex/Fire       24%        N/A       14%         3
 Summon Guardian Golem    Hex/Summ       24%        N/A       14%         3
 Vampiric Draining        Necr           24%        2d7       14%         3
 Alistair's Intoxication  Tmut/Pois      37%        N/A       21%         5
 Yara's Violent Unravell  Hex/Tmut       28%        3d12      21%         5
 Cause Fear               Hex            12%        N/A       38%         4
 Olgreb's Toxic Radiance  Pois           24%        N/A       38%         4
 Summon Lightning Spire   Summ/Air       24%        N/A       38%         4
 Summon Forest            Summ/Tloc      18%        N/A       52%         5
 Eringya's Noxious Bog    Tmut/Pois      28%        N/A       69%         6
 Silence                  Hex/Air        12%        N/A       73%         5
 Summon Mana Viper        Hex/Summ       24%        N/A       73%         5
 Conjure Ball Lightning   Conj/Air       26%        3x3d7     80%         6
 Starburst                Conj/Fire      26%        6d8       80%         6
 Dispersal                Tloc           24%        N/A       86%         6
 Death Channel            Necr           12%        N/A       99%         6
 Enfeeble                 Hex            12%        N/A       100%        7
 Malign Gateway           Summ/Tloc      18%        N/A       100%        7
 Summon Hydra             Summ           12%        N/A       100%        7
 Discord                  Hex            12%        N/A       100%        8
 Disjunction              Tloc           24%        N/A       100%        8
 Summon Horrible Things   Summ           12%        N/A       100%        8


Dungeon Overview and Level Annotations

Branches:
Dungeon (15/15) Zot: 4507  Temple (1/1) D:4 Zot: 569    Lair (5/5) D:10 Zot: 728
  Swamp (4/4) Lair:3 Zot: 1817   Snake (4/4) Lair:2 Zot: 1694   Slime (5/5) Lair:4 Zot: 2352
    Orc (2/2) D:11 Zot: 606     Elf (3/3) Orc:2 Zot: 513  Vaults (0/5) D:13
 Depths (4/4) D:15 Zot: 1794     Zot (1/5) Depths:4 Zot: 411   IceCv (visited)

Altars:
Ashenzari
Cheibriados
Dithmenos
Fedhas
Hepliaklqana
Makhleb
Nemelex Xobeh
Qazlal
Ru
Sif Muna
Trog
Uskayaw
Wu Jian
Yredelemnul
Zin
The Shining One
Jiyva

Shops:
D:5 (   D:6 (   D:14 *   Orc:2 !!![   Elf:3 *[:   Snake:4 !(=!

Portals:
Hell: Depths:2 Depths:4
Abyss: Depths:4
Ziggurat: Depths:1
Trove: Elf:1 (give 4 potions of resistance)

Annotations:
Lair:5 exclusion: obsidian statue
Snake:1 1 runed translucent door, Obbiaqog's ghost, adept TeAE


Innate Abilities, Weirdness & Mutations

You are a living statue of rough stone.
Your actions are slow, but your melee attacks are powerful.
You are resistant to unholy torment.
Your maximum health is greatly increased.
You are immune to poison.
Your equipment is partially melded.
You passively map a large area around you.
You are easily found by Zot.
You glow in the dark.
You regain HP and MP as you explore.
You have sharp toenails.
((You are partially covered in iridescent scales. (AC +2)))
You have supernaturally acute eyesight. (SInv)
Your flesh is heat resistant. (rF+)
Your spells are a little harder to cast, but a little more powerful.
You occasionally lose the ability to drink potions when taking damage.


Message History

The acid corrodes you!
The white draconian hits you but does no damage.
You barely miss the death cob. You claw the death cob!
The death cob is almost destroyed.
The death cob barely misses you. The death cob completely misses you.
The white draconian completely misses you.
The death cob completely misses you. The white draconian barely misses you.
The death cob barely misses you.
You can now merge with and destroy a victim.
You pummel the yellow draconian annihilator!!
You kill the yellow draconian annihilator!
The death cob hits you but does no damage. x2
The white draconian hits you but does no damage.
The death cob barely misses you. The white draconian closely misses you.
The death cob hits you!
The white draconian completely misses you.
You closely miss the death cob. Your kick misses the death cob.
The death cob is almost destroyed.
The death cob is no longer sharing its pain.
The death cob hits you! The death cob drains your vigour!
You feel as though you will be slow longer.
The death cob hits you but does no damage.
You block the white draconian's attack. The death cob closely misses you.
The white draconian closely misses you.
The death cob hits you but does no damage.
You squash the death cob like an ant!!!
You destroy the death cob!
The white draconian hits you but does no damage.
The white draconian hits you from afar with a +0 trident.
The white draconian hits you but does no damage.
You block the white draconian's attack.
The white draconian hits you with a +0 trident!!
The white draconian completely misses you.
A yellow draconian comes into view. It is wielding a +4 vampiric battleaxe.
You see here a +0 short sword.
You pummel the white draconian!! You claw the white draconian.
The white draconian is heavily wounded.
The white draconian barely misses you. You block the white draconian's attack.
The yellow draconian spits acid at you. The glob of acid hits you. You resist.
The acid corrodes you!
You hit the white draconian but do no damage.
You claw the white draconian!
The white draconian is heavily wounded.
You block the white draconian's attack. The white draconian closely misses you.
You hit the white draconian. Your kick misses the white draconian.
The white draconian is severely wounded.
The white draconian hits you with a +0 trident!!
The white draconian hits you with a +0 trident!
You barely miss the white draconian. You claw the white draconian!
The white draconian is severely wounded.
The white draconian hits you with a +0 trident!!
* * * LOW HITPOINT WARNING * * *
The yellow draconian spits acid at you.
The glob of acid hits you but does no damage.
The white draconian misses you.
The yellow draconian closely misses you.
The white draconian hits you with a +0 trident!
* * * LOW HITPOINT WARNING * * *
Casting: Statue Form (dangerous; 13% risk of failure)
Confirm with . or Enter, or press ? or * to list all spells.
You erupt in a fountain of uncontrolled magic!
The yellow draconian is blasted with magical radiation!!
The yellow draconian is moderately wounded.
The yellow draconian twists and deforms.
The white draconian is blasted with magical radiation!!!
You kill the white draconian!
The moth of wrath goads the yellow draconian on!
The yellow draconian goes berserk!
The yellow draconian barely misses you. You block the moth of wrath's attack.
The yellow draconian hits you with a +4 vampiric battleaxe!!
* * * LOW HITPOINT WARNING * * *
Casting: Irradiate (mildly dangerous; 5% risk of failure)
Confirm with . or Enter, or press ? or * to list all spells.
You erupt in a fountain of uncontrolled magic!
The yellow draconian is blasted with magical radiation!!
The yellow draconian is moderately wounded.
The yellow draconian twists and deforms.
The moth of wrath is blasted with magical radiation!!
The moth of wrath is severely wounded.
The moth of wrath twists and deforms.
You are lightly contaminated with residual magic.
The yellow draconian barely misses you.
The moth of wrath completely misses you.
You block the yellow draconian's attack.
The moth of wrath bites you but does no damage.
You block the yellow draconian's attack.
The moth of wrath closely misses you.
Casting: Irradiate (mildly dangerous; 5% risk of failure)
Confirm with . or Enter, or press ? or * to list all spells.
You erupt in a fountain of uncontrolled magic!
The yellow draconian is blasted with magical radiation!!
The yellow draconian is heavily wounded.
The yellow draconian twists and deforms.
The moth of wrath is blasted with magical radiation!!
You kill the moth of wrath!
You are contaminated with residual magic.
The yellow draconian hits you with a +4 vampiric battleaxe!!
* * * LOW HITPOINT WARNING * * *
The yellow draconian hits you with a +4 vampiric battleaxe!!
You die...

** , , * , , , *
,, .. * * * *
#### , + ,. , ,
, ...# , , .##*
**** ##### ,
...,, ,, ##.., ,
#)# ,,* ##.# *
#.#.. , ##.##
#)#.# * #. ....#
#8#.#,,...*
###.# #d#.###...
, * #.###
#)#....... ,
#...###
#.#.....## ,
###...#
#.......". *
###.##
##..#####* **
#..### #.## *
#....######.#
,,,#......##...#


You could see a yellow draconian (berserk, misshapen).

Vanquished Creatures
  the Royal Jelly (Slime:5)
  A juggernaut (Depths:1)
  Saint Roka (Snake:4)
  A golden dragon (Depths:4)
  A tentacled monstrosity (Zot:1)
  Asterion (Snake:4)
  2 deep elf blademasters (Elf:3)
  2 quicksilver dragons (Zot:1)
  22 acid blobs
  2 deep elf master archers (Elf:3)
  A death cob (Zot:1)
  Gastronok (D:10)
  A shadow dragon (Depths:4)
  A tengu reaver (Depths:4)
  Donald (Swamp:1)
  A fenstrider witch (Swamp:3)
  3 nagarajas (Snake:4)
  12 rockslimes
  A draconian knight (Depths:4)
  A fire giant (Depths:1)
  12 azure jellies
  A frost giant (Depths:2)
  Aizul (Elf:3)
  5 deep elf sorcerers
  5 deep elf elementalists (Elf:3)
  An iron dragon (Depths:4)
  An ironbound preserver (D:13)
  A draconian annihilator (Zot:1)
  7 quicksilver oozes
  3 stone giants
  An orc warlord (Orc:1)
  A green draconian (Zot:1)
  3 deep elf demonologists (Elf:3)
  3 eleionomae
  2 black draconians (Depths:4)
  7 deep elf annihilators (Elf:3)
  A white draconian (Zot:1)
  2 bunyips
  Azrael (D:12)
  A dire elephant (Lair:5)
  A purple draconian (Depths:4)
  4 deep elf death magi
  6 fire dragons
  6 great orbs of eyes
  2 ettins (Depths:1)
  2 deep elf high priests (Elf:3)
  A yaktaur captain (Depths:4)
  Josephine (Orc:2)
  2 ice dragons
  A rakshasa (Depths:2)
  16 hydras
  An ogre mage (D:15)
  A spriggan air mage (Depths:4)
  4 centaur warriors
  Erica (D:10)
  6 alligators
  3 salamander tyrants (Snake:4)
  8 two-headed ogres
  A boulder beetle (D:13)
  A catoblepas (Lair:1)
  6 anacondas
  3 naga warriors
  8 dancing weapons
  7 death yaks (Lair:5)
  2 deep troll shamans (Depths:4)
  2 tengu warriors (D:15)
  3 shock serpents
  8 naga sharpshooters (Snake:4)
  4 deep elf knights
  8 salamander mystics
  A fire crab (Swamp:4)
  4 goliath frogs (Swamp:3)
  2 iron trolls (Depths:4)
  3 spriggan druids
  3 deep trolls (Depths:4)
  5 swamp dragons
  2 naga ritualists (Snake:4)
  A glowing orange brain (Slime:5)
  8 deep elf archers
  6 bog bodies
  13 deep elf pyromancers
  2 lindwurms (Swamp:4)
  8 orc knights (Orc:2)
  5 deep elf zephyrmancers
  3 necromancers
  An orc sorcerer (Orc:1)
  5 shining eyes
  7 ugly things
  6 mana vipers
  9 salamanders
  4 cyclopes
  4 will-o-the-wisps
  2 moths of wrath (Zot:1)
  5 manticores
  An ice statue (IceCv)
  Maurice (D:10)
  15 black mambas
  2 gargoyles
  5 eyes of devastation
  5 guardian serpents
  13 elephants
  A torpor snail (Lair:5)
  6 cane toads
  A dire elephant zombie (Lair:5)
  11 naga magi
  An unseen horror (D:8)
  3 rime drakes (Lair:3)
  2 dire elephant skeletons (Lair:5)
  An efreet (D:15)
  A kobold demonologist (D:12)
  5 komodo dragons
  10 ice devils (IceCv)
  6 freezing wraiths
  A queen bee (D:9)
  6 trolls
  3 meliai (D:13)
  7 hornets
  2 tyrant leeches
  27 slime creatures
  9 spriggans
  A wyvern (Lair:2)
  An air elemental (Elf:2)
  7 water elementals
  38 yaks
  A vampire (D:13)
  A dire elephant simulacrum (IceCv)
  5 wraiths
  3 basilisks
  10 fire elementals
  3 steam dragons (Swamp:4)
  5 death yak simulacra (IceCv)
  A vampire mosquito (D:13)
  A spectral cane toad (Lair:5)
  6 swamp worms
  8 wargs (Orc:2)
  4 harpy simulacra (IceCv)
  18 nagas
  A hydra simulacrum (IceCv)
  An acid dragon (D:10)
  18 water moccasins
  9 swamp drakes (Swamp:4)
  A hell hound (D:12)
  3 black bears (D:10)
  2 elephant zombies (Lair:5)
  34 orc warriors
  3 sky beasts
  7 ogres
  14 wolves (Lair:5)
  6 centaurs
  2 phantoms (D:5)
  10 bullfrogs
  3 earth elementals
  3 scorpions
  A two-headed ogre simulacrum (IceCv)
  6 cane toad simulacra
  30 killer bees
  A jelly (D:6)
  3 elephant simulacra
  An electric eel (Lair:3)
  2 howler monkeys
  3 orc priests
  2 gnoll boudas
  3 iguanas
  8 orc wizards
  3 polar bear simulacra (IceCv)
  A spriggan simulacrum (IceCv)
  7 wolf simulacra (IceCv)
  15 gnolls
  5 adders
  2 naga simulacra (IceCv)
  A shadow imp (D:5)
  A white imp (IceCv)
  An ufetubus (IceCv)
  2 dart slugs
  62 orcs
  2 bats
  3 bat zombies (D:6)
  2 endoplasms (D:1)
  3 giant cockroaches
  2 hobgoblins
  3 kobolds
  3 quokkas
  9 ball pythons
  3 frilled lizards
  3 rats
  3 rat zombies (D:6)
  3 butterflies (Lair:5)
918 creatures vanquished.

Vanquished Creatures (others)
  A yellow draconian (Zot:1)
  A naga ritualist (Snake:4)
  A swamp drake (Swamp:4)
  6 foxfires
  62 fungi
  64 plants
  20 withered plants (Lair:5)
155 creatures vanquished.

Grand Total: 1073 creatures vanquished

Notes
Turn   | Place    | Note
-------+----------+-------------------------------------------
     0 | D:1      | Flugkiller the Meteoran Ice Elementalist began the quest
                  | for the Orb.
     0 | D:1      | Reached XP level 1. HP: 14/14 MP: 5/5
    78 | D:1      | Reached XP level 2. HP: 15/20 MP: 4/7
   115 | D:2      | Reached XP level 3. HP: 14/26 MP: 5/8
   122 | D:2      | Found a faded altar of an unknown god.
   201 | D:3      | Learned a level 3 spell: Frozen Ramparts
   265 | D:3      | Found an ornate altar of the Wu Jian Council.
   394 | D:3      | Reached skill level 5 in Ice Magic
   427 | D:3      | Found a sparkling altar of Nemelex Xobeh.
   429 | D:3      | Found a snail-covered altar of Cheibriados.
   431 | D:3      | Found a burning altar of Makhleb.
   635 | D:4      | Found a staircase to the Ecumenical Temple.
   638 | Temple   | Entered the Ecumenical Temple
   654 | Temple   | Became a worshipper of Uskayaw the Reveller
   685 | D:4      | Noticed an ogre
   690 | D:4      | Reached * piety under Uskayaw
   691 | D:4      | Reached ** piety under Uskayaw
   693 | D:4      | Killed an ogre
   693 | D:4      | Reached *** piety under Uskayaw
   694 | D:4      | Reached skill level 1 in Fighting
   694 | D:4      | Reached skill level 1 in Evocations
   694 | D:4      | Reached XP level 4. HP: 35/35 MP: 6/11
   694 | D:4      | Reached XP level 5. HP: 40/40 MP: 6/12
   746 | D:4      | Reached XP level 6. HP: 25/48 MP: 10/13
  1040 | D:5      | Entered Level 5 of the Dungeon
  1085 | D:5      | Found Nishropluch's Weapon Shop.
  1264 | D:5      | Reached XP level 7. HP: 56/56 MP: 11/15
  1337 | D:5      | Reached skill level 5 in Spellcasting
  1394 | D:6      | Noticed a water moccasin
  1486 | D:5      | Gained mutation: You are partially covered in iridescent
                  | scales. (AC +2) [potion of mutation]
  1486 | D:5      | Gained mutation: You have supernaturally acute eyesight.
                  | (SInv) [potion of mutation]
  1486 | D:5      | Gained mutation: You are mostly covered in iridescent
                  | scales. (AC +4) [potion of mutation]
  1486 | D:5      | Gained mutation: You have sharp toenails. [potion of
                  | mutation]
  1494 | D:5      | Reached skill level 2 in Unarmed Combat
  1498 | D:5      | Reached skill level 3 in Unarmed Combat
  1498 | D:5      | Reached XP level 8. HP: 52/63 MP: 17/17
  1532 | D:5      | Reached skill level 4 in Unarmed Combat
  1573 | D:6      | Reached skill level 5 in Unarmed Combat
  1590 | D:6      | Reached **** piety under Uskayaw
  1591 | D:6      | Reached skill level 6 in Unarmed Combat
  1593 | D:6      | Reached ***** piety under Uskayaw
  1642 | D:6      | Reached skill level 7 in Unarmed Combat
  1729 | D:6      | Found Gererin's Antique Weapon Boutique.
  1777 | D:6      | Found a basalt altar of Yredelemnul.
  1847 | D:7      | Gained mutation: You passively map the area around you.
                  | [Meteoran growth]
  1847 | D:7      | Reached XP level 9. HP: 61/69 MP: 14/19
  1993 | D:7      | Found a blossoming altar of Fedhas.
  2104 | D:8      | Reached skill level 5 in Earth Magic
  2190 | D:7      | Got Sif Muna's Incunabulum of Floating Superposition
  2402 | D:8      | Reached XP level 10. HP: 77/77 MP: 16/21
  2408 | D:8      | Found a shadowy altar of Dithmenos.
  2421 | D:8      | Found a glowing golden altar of the Shining One.
  2421 | D:8      | Found a broken altar of Ashenzari.
  2429 | D:8      | Found a sacrificial altar of Ru.
  2466 | D:8      | Noticed an unseen horror
  2473 | D:8      | Killed an unseen horror
  2502 | D:8      | Found a hazy altar of Hepliaklqana.
  2729 | D:9      | Reached skill level 10 in Earth Magic
  2735 | D:9      | Learned a level 5 spell: Lee's Rapid Deconstruction
  2742 | D:9      | Learned a level 6 spell: Statue Form
  2750 | D:9      | Reached skill level 1 in Transmutations
  2782 | D:9      | Reached ****** piety under Uskayaw
  2796 | D:9      | Reached XP level 11. HP: 30/85 MP: 9/23
  2905 | D:9      | Reached skill level 5 in Transmutations
  2915 | D:10     | Entered Level 10 of the Dungeon
  2921 | D:10     | Identified the +1 robe "Zufib" {+Inv Slay+3}
  2967 | D:10     | Reached skill level 5 in Fighting
  3044 | D:10     | Noticed a two-headed ogre
  3049 | D:10     | Noticed Erica
  3049 | D:10     | Killed a two-headed ogre
  3063 | D:10     | Killed Erica
  3066 | D:10     | Noticed a two-headed ogre
  3066 | D:10     | Noticed Maurice
  3075 | D:10     | Killed a two-headed ogre
  3075 | D:10     | Killed Maurice
  3076 | D:10     | Reached XP level 12. HP: 40/96 MP: 15/26
  3090 | D:10     | Noticed Gastronok
  3138 | D:10     | Killed Gastronok
  3238 | D:10     | Found a staircase to the Lair.
  3254 | Lair:1   | Entered Level 1 of the Lair of Beasts
  3297 | Lair:1   | Reached skill level 10 in Ice Magic
  3362 | Lair:1   | Reached skill level 10 in Spellcasting
  3370 | Lair:1   | Noticed a catoblepas
  3380 | Lair:1   | Killed a catoblepas
  3381 | Lair:1   | Reached skill level 8 in Unarmed Combat
  3522 | Lair:3   | Noticed an eight-headed hydra
  3530 | Lair:3   | Killed an eight-headed hydra
  3531 | Lair:3   | Reached XP level 13. HP: 107/107 MP: 28/28
  3605 | Lair:2   | Reached skill level 9 in Unarmed Combat
  3680 | Lair:3   | Learned a level 7 spell: Ozocubu's Refrigeration
  3786 | Lair:4   | Found a runed translucent door.
  3786 | Lair:4   | Found a viscous altar of Jiyva.
  3786 | Lair:4   | Noticed an azure jelly
  3786 | Lair:4   | Noticed an azure jelly
  3787 | Lair:4   | Found a staircase to the Slime Pits.
  3840 | Lair:4   | Noticed a five-headed hydra
  3849 | Lair:4   | Killed a five-headed hydra
  3941 | Lair:5   | Entered Level 5 of the Lair of Beasts
  3941 | Lair:5   | Noticed a death yak
  3942 | Lair:5   | Noticed a death yak
  3950 | Lair:5   | Noticed a death yak
  3950 | Lair:5   | Noticed a death yak
  3950 | Lair:5   | Noticed a death yak
  3950 | Lair:5   | Noticed a five-headed hydra
  3953 | Lair:5   | Killed a five-headed hydra
  3956 | Lair:5   | Killed a death yak
  3956 | Lair:5   | Killed a death yak
  3956 | Lair:5   | Killed a death yak
  3959 | Lair:5   | Killed a death yak
  3961 | Lair:5   | Killed a death yak
  3985 | Lair:5   | Reached skill level 10 in Unarmed Combat
  4032 | Lair:5   | Noticed a death yak
  4047 | Lair:5   | Killed a death yak
  4051 | Lair:5   | Noticed a death yak
  4055 | Lair:5   | Killed a death yak
  4129 | Lair:5   | Noticed an eight-headed hydra
  4135 | Lair:5   | Killed an eight-headed hydra
  4136 | Lair:5   | Reached XP level 14. HP: 115/115 MP: 31/31
  4168 | Lair:5   | Reached skill level 1 in Invocations
  4373 | Lair:5   | Noticed a dire elephant
  4373 | Lair:5   | Noticed a dire elephant
  4379 | Lair:5   | Killed a dire elephant
  4380 | Lair:5   | Reached skill level 11 in Unarmed Combat
  4501 | Lair:5   | Identified the +8 longbow of Tiufugit {flame, rCorr SInv}
  4570 | Lair:5   | Found the +6 Majin-Bo {vamp, MP+6 Int+6}
  4615 | Lair:5   | HP: 2/150 [ynoxinul/iron shot[an obsidian statue] (28)]
  4838 | Lair:2   | Identified a scroll of acquirement
  5016 | D:11     | Found a staircase to the Orcish Mines.
  5022 | Orc:1    | Entered Level 1 of the Orcish Mines
  5055 | Orc:2    | Entered Level 2 of the Orcish Mines
  5058 | Orc:2    | Reached skill level 5 in Dodging
  5126 | Orc:2    | Found a staircase to the Elven Halls.
  5154 | Orc:1    | Found a frozen archway.
  5166 | Orc:1    | Noticed an orc warlord
  5174 | Orc:1    | Killed an orc warlord
  5175 | Orc:1    | Reached skill level 15 in Ice Magic
  5181 | Orc:1    | Reached skill level 5 in Invocations
  5186 | IceCv    | Entered an ice cave
  5268 | IceCv    | Reached XP level 15. HP: 124/124 MP: 32/32
  5449 | IceCv    | Found an ancient bone altar of Kikubaaqudgha.
  5590 | Orc:2    | Noticed Josephine
  5598 | Orc:2    | Killed Josephine
  5599 | Orc:2    | Reached skill level 12 in Unarmed Combat
  5716 | Orc:2    | Found Daol Naeg's Antique Armour Boutique.
  5716 | Orc:2    | Found Tuxki's Distillery.
  5724 | Orc:2    | Bought a potion of magic for 104 gold pieces
  5724 | Orc:2    | Bought a potion of resistance for 130 gold pieces
  5724 | Orc:2    | Bought a potion of heal wounds for 65 gold pieces
  5771 | Orc:2    | Found Xuckagye's Distillery.
  5775 | Orc:2    | Found Heakkuss's Distillery.
  5794 | Orc:2    | Bought a potion of mutation for 104 gold pieces
  5794 | Orc:2    | Bought a potion of mutation for 104 gold pieces
  5794 | Orc:2    | Bought 2 potions of cancellation for 208 gold pieces
  5794 | Orc:2    | Bought a potion of curing for 39 gold pieces
  5803 | Orc:2    | Bought a potion of haste for 130 gold pieces
  5803 | Orc:2    | Bought a potion of haste for 130 gold pieces
  5803 | Orc:2    | Bought 2 potions of curing for 78 gold pieces
  5803 | Orc:2    | Bought a potion of curing for 39 gold pieces
  5803 | Orc:2    | Acquired the +1 buckler of Sukhliet {Slay+3}
  5862 | Elf:1    | Entered Level 1 of the Elven Halls
  5877 | Elf:1    | Reached skill level 10 in Fighting
  5905 | Elf:1    | Found a portal to a secret trove of treasure.
  5917 | Elf:1    | Noticed a deep elf sorcerer
  5934 | Elf:1    | Killed a deep elf sorcerer
  5995 | Elf:1    | Reached skill level 5 in Evocations
  6014 | Elf:1    | Reached XP level 16. HP: 135/135 MP: 33/33
  6141 | Elf:1    | Found a shimmering blue altar of Sif Muna.
  6177 | Elf:3    | Entered Level 3 of the Elven Halls
  6233 | Elf:3    | Noticed Aizul
  6246 | Elf:3    | Killed Aizul
  6291 | Elf:3    | Reached skill level 13 in Unarmed Combat
  6343 | Elf:3    | Found Lacseif's General Store.
  6345 | Elf:3    | Found Dyesuawn's Antique Armour Shoppe.
  6347 | Elf:3    | Found Ifuusuh's Book Emporium.
  6357 | Elf:3    | Bought a book of Party Tricks for 176 gold pieces
  6359 | Elf:3    | Learned a level 1 spell: Apportation
  6449 | Elf:3    | Noticed a deep elf blademaster
  6450 | Elf:3    | Noticed a deep elf sorcerer
  6452 | Elf:3    | Identified the ring of Hodullapp {rF- rCorr MP+9 Int+3}
  6454 | Elf:3    | Reached skill level 1 in Translocations
  6454 | Elf:3    | Killed a deep elf sorcerer
  6455 | Elf:3    | Killed a deep elf blademaster
  6456 | Elf:3    | Identified the ring of Music {rPois rF++ Will+ Str-5}
  6456 | Elf:3    | Noticed a deep elf master archer
  6463 | Elf:3    | Noticed a deep elf blademaster
  6469 | Elf:3    | Killed a deep elf master archer
  6469 | Elf:3    | Killed a deep elf blademaster
  6487 | Elf:3    | Noticed a deep elf sorcerer
  6490 | Elf:3    | Killed a deep elf sorcerer
  6491 | Elf:3    | Reached XP level 17. HP: 91/143 MP: 6/34
  6622 | Elf:3    | Noticed a deep elf master archer
  6624 | Elf:3    | Reached skill level 10 in Invocations
  6625 | Elf:3    | Killed a deep elf master archer
  6650 | Elf:3    | Identified the ring of the Priest {rF+ Str+3 Slay+5}
  6752 | Elf:3    | Reached skill level 14 in Unarmed Combat
  6762 | Elf:3    | Found the dreamshard necklace {*Dream Drain}
  6766 | Elf:3    | Got the Exposition on Charms
  6783 | Elf:3    | Found the +3 giant club "Skullcrusher" {speed, Str+7}
  6855 | Elf:3    | Learned a level 5 spell: Irradiate
  6859 | Elf:3    | Bought an amulet of regeneration for 360 gold pieces
  6950 | Elf:1    | Reached skill level 10 in Dodging
  7181 | Lair:2   | Found a staircase to the Snake Pit.
  7199 | Snake:1  | Entered Level 1 of the Snake Pit
  7205 | Snake:1  | Reached skill level 1 in Conjurations
  7246 | Snake:1  | Found a runed translucent door.
  7251 | Snake:1  | Noticed Obbiaqog's ghost (adept TeAE)
  7411 | Snake:2  | Found a glowing silver altar of Zin.
  7461 | Snake:4  | Entered Level 4 of the Snake Pit
  7476 | Snake:4  | Noticed Saint Roka
  7482 | Snake:4  | Killed Saint Roka
  7500 | Snake:4  | Noticed Asterion
  7511 | Snake:4  | Killed Asterion
  7582 | Snake:4  | Found Rusennikh's Jewellery Shop.
  7582 | Snake:4  | Found Biovoad's Weapon Boutique.
  7584 | Snake:4  | Found Saguh's Distillery.
  7585 | Snake:4  | Found Panuistru's Distillery.
  7587 | Snake:4  | Bought a potion of heal wounds for 75 gold pieces
  7593 | Snake:4  | Bought a potion of heal wounds for 65 gold pieces
  7593 | Snake:4  | Bought a potion of heal wounds for 65 gold pieces
  7624 | Snake:4  | Gained mutation: You passively map a large area around you.
                  | [Meteoran growth]
  7624 | Snake:4  | Reached XP level 18. HP: 156/156 MP: 27/35
  7633 | Snake:4  | Reached skill level 5 in Conjurations
  7681 | Snake:4  | Gained mutation: You are weak. (Str -2) [mutagenic glow]
  7733 | Snake:4  | Got a serpentine rune of Zot
  7890 | Lair:3   | Found a staircase to the Swamp.
  7900 | Swamp:1  | Entered Level 1 of the Swamp
  7900 | Swamp:1  | Noticed Donald
  7906 | Swamp:1  | Killed Donald
  7927 | Swamp:2  | Reached skill level 1 in Shields
  8065 | Swamp:4  | Entered Level 4 of the Swamp
  8067 | Swamp:4  | Reached XP level 19. HP: 166/166 MP: 36/36
  8222 | Swamp:4  | Got a decaying rune of Zot
  8250 | Swamp:4  | Reached skill level 5 in Shields
  8458 | Slime:1  | Entered Level 1 of the Pits of Slime
  8461 | Slime:1  | Noticed an acid blob
  8464 | Slime:1  | Reached skill level 15 in Unarmed Combat
  8466 | Slime:1  | Killed an acid blob
  8489 | Slime:3  | Noticed an acid blob
  8494 | Slime:3  | Killed an acid blob
  8510 | Slime:4  | Noticed an acid blob
  8515 | Slime:4  | Killed an acid blob
  8517 | Slime:4  | Noticed an acid blob
  8522 | Slime:4  | Killed an acid blob
  8540 | Slime:5  | Entered Level 5 of the Pits of Slime
  8554 | Slime:5  | Noticed an acid blob
  8557 | Slime:5  | Killed an acid blob
  8566 | Slime:5  | Reached skill level 15 in Invocations
  8614 | Slime:5  | Reached XP level 20. HP: 171/174 MP: 37/37
  8623 | Slime:5  | Noticed the Royal Jelly
  8645 | Slime:5  | Killed the Royal Jelly
  8646 | Slime:5  | Reached skill level 16 in Unarmed Combat
  8886 | Slime:5  | Gained mutation: You have hidden genetic defects. [a
                  | shining eye]
  8899 | Slime:5  | Reached skill level 10 in Shields
  8923 | Slime:5  | Identified the +0 pair of boots "Byxky" {rF+ Str-4 Dex+5}
  8929 | Slime:5  | Got Unaunigono's Second Course in Casting
  8929 | Slime:5  | Got a slimy rune of Zot
  8999 | Slime:5  | Reached skill level 17 in Unarmed Combat
  9336 | D:12     | Noticed Azrael
  9342 | D:12     | Killed Azrael
  9353 | D:12     | Lost mutation: You are mostly covered in iridescent scales.
                  | (AC +4) [potion of mutation]
  9353 | D:12     | Lost mutation: You are weak. (Str -2) [potion of mutation]
  9353 | D:12     | Lost mutation: You have hidden genetic defects. [potion of
                  | mutation]
  9353 | D:12     | Gained mutation: You occasionally lose the ability to drink
                  | potions when taking damage. [potion of mutation]
  9353 | D:12     | Gained mutation: Your flesh is heat resistant. (rF+)
                  | [potion of mutation]
  9353 | D:12     | Gained mutation: Your spells are a little harder to cast,
                  | but a little more powerful. [potion of mutation]
  9429 | D:13     | Identified the +9 scale mail of Imiystic {Harm Int+3
                  | Stlth+}
  9460 | D:13     | Found a gate to the Vaults.
  9485 | D:13     | Acquired 1035 gold pieces
  9655 | D:15     | Entered Level 15 of the Dungeon
  9770 | D:15     | Learned a level 2 spell: Passwall
  9777 | D:14     | Found Fapn's Elemental Accessories.
  9787 | D:14     | Bought a wand of iceblast (2) for 72 gold pieces
  9932 | D:15     | Reached XP level 21. HP: 179/181 MP: 33/38
  9942 | D:15     | Found a staircase to the Depths.
  9951 | Depths:1 | Entered Level 1 of the Depths
  9959 | Depths:1 | Reached skill level 18 in Unarmed Combat
  9963 | Depths:1 | Found a one-way gateway to a ziggurat.
  9967 | Depths:1 | Noticed a juggernaut
  9973 | Depths:1 | Killed a juggernaut
 10005 | Depths:2 | Found a gateway to Hell.
 10034 | Depths:4 | Entered Level 4 of the Depths
 10247 | Depths:4 | Found a one-way gate to the infinite horrors of the Abyss.
 10291 | Depths:4 | Noticed a golden dragon
 10299 | Depths:4 | Killed a golden dragon
 10300 | Depths:4 | Reached skill level 19 in Unarmed Combat
 10408 | Depths:4 | Found a gate to the Realm of Zot.
 10443 | Zot:1    | Entered Level 1 of the Realm of Zot
 10522 | Zot:1    | Noticed a tentacled monstrosity
 10530 | Zot:1    | Killed a tentacled monstrosity
 10600 | Zot:1    | HP: 8/236 [yellow draconian/+4 vampiric battleaxe (21)]
 10600 | Zot:1    | Mangled by a yellow draconian

Illustrated notes

Levels and vault maps discovered:
D:1:      wheals_arrival_linesprint, layout_basic, minmay_ruptured
D:2:      wander_river, layout_rooms, basic_altar,
          nicolae_ecumenical_snake_handling, st_stairs_8
D:3:      layout_loops_ring, nicolae_wu_jian_glorious_leap,
          grunt_temple_overflow_open, grunt_ministairs_10
D:4:      layout_loops_corners, temple_statues, minmay_circle_x
D:5:      layout_cave_pools, serial_shops, nicolae_shop_bloodbath_and_beyond
D:6:      layout_cave_pools, lemuel_doored_altar,
          lemuel_zombie_altar_kikubaaqudgha, serial_shops,
          nicolae_shop_waterfront
D:7:      layout_rooms, overflow_temple_1_default, nicolae_gozag_seed_capital
D:8:      layout_loops_ring, overflow_temple_1_default,
          minmay_overflow_temple_star_hex, serial_bayou_ford_a, hex_tiny,
          grunt_potential
D:9:      layout_loops_ring, nicolae_benzene_ring, minivault_7
D:10:     layout_rooms, due_lair_maze_entry_diamond, uniq_erica, uniq_gastronok,
          uniq_maurice
D:11:     cheibrodos_orc_bank, layout_basic, orc_0_dummy, fedhas_altar_3
D:12:     layout_long_grid, uniq_azrael, uniq_erolcha, uniq_jorgrun
D:13:     layout_rooms, skrybe_vaults_entry_preservation
D:14:     layout_loops_corners, elyvilon_altar_3, serial_shops, shop,
          nicolae_elemental_shop
D:15:     grunt_enter_depths_snipers, layout_basic, serial_shops, shop
Temple:   nicolae_temple_colour_theory
Lair:1:   minmay_guarded_unrand_snakebite, layout_long_grid,
          chequers_serial_rivers_small_3, chequers_serial_rivers_small_b
Lair:2:   layout_cave_pods, dummy_snake_entry
Lair:3:   layout_long_grid, nicolae_swamp_entry_splash_gauntlet,
          grunt_megastairs_5, lemuel_fruit_tree, infiniplex_staircase_pool,
          serial_bayou_shore_b, serial_bayou_shore_b
Lair:4:   layout_regular_city, slime_entry_2
Lair:5:   due_jungle_book, layout_long_grid, lemuel_fruit_fields,
          grunt_megastairs_2
Swamp:1:  layout_falls_marsh, nicolae_swamp_very_dense_foliage, swamp_pool2,
          uniq_frances, uniq_donald
Swamp:2:  layout_falls_marsh, evilmike_swamp_ruin_rubble_1, swamp_pool2,
          uniq_roxanne, uniq_louise
Swamp:3:  layout_falls_marsh, evilmike_swamp_ruin_house_2
Swamp:4:  swamp_fiery, layout_basic_swamp
Snake:1:  layout_onion, gammafunk_ghost_grave, nicolae_snake_horde_hoard
Snake:2:  layout_chambers, basic_altar
Snake:3:  layout_misc_corridors
Snake:4:  johnstein_snake_rune_scales, layout_cave_town, nicolae_snake_shapes,
          minmay_shoptagon, uniq_saint_roka, uniq_asterion
Slime:1:  layout_caves
Slime:2:  cheibrodos_slime_lost_civilization_9, layout_caves
Slime:3:  layout_caves, nicolae_slime_welcoming_committee, uniq_dissolution
Slime:4:  layout_caves
Slime:5
Orc:1:    layout_diamond_mine, portal_ice_cave_entry_pillars_2
Orc:2:    st_orc_town, layout_caves, uniq_josephine
Elf:1:    layout_loops_ring, nicolae_trove_entry_crossroad,
          kennysheep_underground_church, lemuel_upstairs_altar
Elf:2:    nicolae_elf_blades_crystal_corner, layout_geoelf_octagon,
          serial_shops, nicolae_lakefront_shop, basic_altar, minmay_shop_mass
Elf:3:    grunt_elf_hall_branching, layout_geoelf_grid, serial_shops, shop,
          feat_on_display, minmay_shop_star, uniq_aizul
Depths:1: layout_cave_pools, enter_ziggurat_f, abyss_entry,
          pf_dread_powers_of_hell, serial_shops, shop,
          minmay_stone_trees_medium, nemelex_diamond_rough_becter, uniq_mara
Depths:2: cheibrodos_cascadia, layout_small_grid, grunt_pan_entry_spiral,
          hell_entry, minmay_staircase_bubble
Depths:3: minmay_quantized_circle, layout_long_grid, abyss_entry_flame_altar,
          serial_sigils_hangedman_stare, pan_entry, lightli_too_deep
Depths:4: grunt_zot_entry_pinwheel, layout_basic, abyss_entry_crystal,
          serial_shops, shop_fountains, grunt_hell_entry_dis_grunt
Zot:1:    layout_basic, grunt_megastairs_3

Skill      XL: |  1  2  3  4  5  6  7  8  9 10 11 12 13 14 15 16 17 18 19 20 21 |
---------------+----------------------------------------------------------------+-----
Spellcasting   | 3 4 5 6 7 9 10 12 | 12.0
Ice Magic      | 5 6 7 8 9 11 13 15 16 | 16.0
Fighting       | 1 2 3 4 6 7 8 9 10 11 12 13 14 | 14.3
Evocations     | 1 2 3 5 7 8 |  8.0
Unarmed Combat | 3 7 8 10 11 12 13 14 15 17 19 | 19.6
Earth Magic    | 6 10 | 10.6
Transmutations | 4 8 |  8.8
Invocations    | 5 7 9 11 13 15 | 15.0
Dodging        | 5 7 9 11 12 14 | 14.0
Translocations | 3 |  3.0
Conjurations   | 4 7 |  7.3
Shields        | 2 7 11 12 | 12.0
Stealth        | |  1.4

Action                   |  1- 3 |  4- 6 |  7- 9 | 10-12 | 13-15 | 16-18 | 19-21 || total
-------------------------+-------+-------+-------+-------+-------+-------+-------++-------
Melee: Unarmed           |     5 |    16 |    23 |   100 |   389 |   184 |   274 ||   991
       Short sword       |       |       |    33 |       |       |       |       ||    33
       Kick              |       |       |    12 |    50 |   155 |    70 |   125 ||   412
       Punch             |       |       |     1 |     7 |    35 |       |       ||    43
 Cast: Freeze            |    42 |    42 |    91 |    55 |     1 |       |       ||   231
       Frozen Ramparts   |     1 |     4 |    13 |    22 |       |     2 |       ||    42
       Lee's Rapid Decon |       |       |       |    15 |    25 |     5 |       ||    45
       Statue Form       |       |       |       |     7 |    49 |    31 |    36 ||   123
       Ozocubu's Refrige |       |       |       |       |    75 |   125 |   138 ||   338
       Apportation       |       |       |       |       |       |    40 |    65 ||   105
       Irradiate         |       |       |       |       |       |     7 |    24 ||    31
       Passwall          |       |       |       |       |       |       |    12 ||    12
Invok: Stomp             |       |       |       |     1 |       |       |       ||     1
       Grand Finale      |       |       |       |       |       |     1 |       ||     1
 Abil: End Transformatio |       |       |       |     6 |    43 |    30 |    29 ||   108
Evoke: Wand              |       |       |       |       |     2 |     6 |     6 ||    14
       Condenser vane    |       |       |       |       |       |     1 |     1 ||     2
       Tin of tremorston |       |       |       |       |       |     1 |     2 ||     3
       Phial of floods   |       |       |       |       |       |       |     1 ||     1
  Use: Scroll            |       |     4 |     3 |     3 |     8 |     8 |     9 ||    35
       Potion            |       |       |     4 |     3 |       |     2 |     5 ||    14
 Stab: Paralysed         |       |       |     2 |     9 |    28 |    22 |    40 ||   101
       Distracted        |       |       |       |       |       |       |     2 ||     2
Armor: Robe              |    10 |    15 |    79 |    57 |    33 |    13 |    28 ||   235
       Skin              |       |       |       |    61 |   432 |   129 |   207 ||   829
Dodge: Dodged            |    22 |    24 |    70 |   131 |   443 |   185 |   342 ||  1217
Block: Buckler           |       |       |       |       |       |    58 |   187 ||   245

Table legend: (Time is in decaauts)
 A = Elapsed time spent in this place.
 B = Non-inter-level travel time spent in this place.
 C = Inter-level travel time spent in this place.
 D = Time resting spent in this place.
 E = Time spent auto-exploring this place.
 F = Levels seen in this place.
 G = Mean time per level.
                   A        B        C        D        E       F      G
               +--------+--------+--------+--------+--------+-----+--------+
         Total |  11824 |  10562 |   1262 |      0 |      0 |  45 |  262.8 |
       Dungeon |   4492 |   3989 |    503 |      0 |      0 |  15 |  299.5 |
        Temple |     30 |     17 |     13 |      0 |      0 |   1 |   30.0 |
          Lair |   2271 |   1874 |    397 |      0 |      0 |   5 |  454.2 |
         Swamp |    582 |    522 |     60 |      0 |      0 |   4 |  145.5 |
     Snake Pit |    705 |    680 |     25 |      0 |      0 |   4 |  176.2 |
    Slime Pits |    647 |    627 |     20 |      0 |      0 |   5 |  129.4 |
  Orcish Mines |    593 |    536 |     57 |      0 |      0 |   2 |  296.5 |
   Elven Halls |   1286 |   1114 |    172 |      0 |      0 |   3 |  428.7 |
        Depths |    605 |    594 |     11 |      0 |      0 |   4 |  151.2 |
           Zot |    186 |    186 |      0 |      0 |      0 |   1 |  186.0 |
      Ice Cave |    422 |    422 |      0 |      0 |      0 |   1 |  422.0 |
               +--------+--------+--------+--------+--------+-----+--------+

Top non-repeatable levels by time:
  Lair:5: 848 daAuts
   Elf:3: 842 daAuts
     D:5: 515 daAuts
Depths:4: 498 daAuts
  Lair:3: 470 daAuts
    D:10: 463 daAuts
  Lair:4: 427 daAuts
   Orc:2: 426 daAuts
   IceCv: 422 daAuts
     D:9: 416 daAuts
     D:3: 413 daAuts
     D:8: 406 daAuts
 Slime:5: 372 daAuts
     D:4: 371 daAuts
 Snake:4: 345 daAuts
